 Dungeon Crawl Stone Soup version 0.29-a0-870-g2c972031a6 (webtiles) character file.

Game seed: 8211389507894771489

4023 wingedge the Slicer (level 10, -1/88 HPs)
             Began as a Meteoran Wanderer on July 18, 2022.
             Was a Priest of Okawaru.
             Slain by an orc knight
             ... wielding a +0 halberd
              (21 damage)
             ... in a bailey.
             The game lasted 00:41:50 (3894 turns).

wingedge the Slicer (Meteoran Wanderer)             Turns: 3894, Time: 00:41:51

Health: -1/88      AC: 14    Str: 16    XL:     10   Next: 76%
Magic:  13/13      EV:  5    Int:  7    God:    Okawaru [***...]
Gold:   109        SH: 10    Dex: 18    Spells: 9/9 levels left

rFire   . . .      SeeInvis .   g - +10 rapier "Poaqorra" {speed, rElec rPois Will+++ Int-5}
rCold   . . .      Faith    .   e - +0 kite shield
rNeg    . . .      Spirit   .   k - +0 chain mail
rPois   +          Reflect  .   (no helmet)
rElec   +          Harm     .   f - +1 cloak
rCorr   .          Rampage  .   (no gloves)
Will    ++++.                   r - +1 pair of boots
Stlth   ..........              j - amulet of the acrobat
HPRegen 0.24/turn               (no ring)
MPRegen 0.13/turn               (no ring)

@: glowing
A: sense surroundings 2, otherworldly, glowing, explore regen
a: Renounce Religion, Heroism


You were in a bailey.
You worshipped Okawaru.
Okawaru was most pleased with you.
You visited 1 branch of the dungeon, and saw 7 of its levels.
You also visited: Bailey.

You collected 428 gold pieces.
You spent 319 gold pieces at shops.

Inventory:

Hand Weapons
 g - the +10 rapier "Poaqorra" (weapon) {speed, rElec rPois Will+++ Int-5}
   (You bought it in a shop on level 4 of the Dungeon)

   Attacks with this weapon are significantly faster.
   Int:       It affects your intelligence (-5).
   rElec:     It insulates you from electricity.
   rPois:     It protects you from poison.
   Will:      It greatly increases your willpower.
 u - a +0 dagger of flaming
 w - the +7 hand axe of the Verdant God {vorpal, rElec rCorr Str+3}
   (You found it on level 6 of the Dungeon)

   It inflicts extra damage upon your enemies.
   Str:       It affects your strength (+3).
   rElec:     It insulates you from electricity.
   rCorr:     It protects you from acid and corrosion.
Missiles
 c - a javelin (quivered)
Armour
 e - a +0 kite shield (worn)
 f - a +1 cloak (worn)
 k - a +0 chain mail (worn)
 r - a +1 pair of boots (worn)
Jewellery
 j - an amulet of the acrobat (around neck)
Wands
 o - a wand of polymorph (1)
 p - a wand of flame (45)
 t - a wand of mindburst (5)
 v - a wand of light (7)
Scrolls
 a - a scroll of vulnerability
 b - a scroll of magic mapping
 h - a scroll of fear
 i - a scroll of immolation {unknown}
 x - a scroll of teleportation
 y - a scroll of blinking
Potions
 d - a potion of heal wounds
 l - a potion of brilliance
 m - a potion of lignification
 n - 4 potions of magic
 q - a potion of flight
 s - 2 potions of curing


   Skills:
 + Level 7.9 Fighting
 * Level 10.6 Short Blades
 - Level 3.2(4.2) Polearms
 - Level 3.9(4.5) Staves
 - Level 4.0 Throwing
 - Level 6.0 Armour
 - Level 1.0 Dodging
 - Level 5.0 Shields
 + Level 3.9 Invocations
 + Level 3.6 Evocations


You had 9 spell levels left.
You didn't know any spells.
Your spell library contained the following spells:

 Spells                   Type           Power      Damage    Failure   Level
 Necrotise                Necr           0%         1d4       100%        1
 Ignite Poison            Fire/Tmut/Pois 0%         N/A       100%        3
 Mephitic Cloud           Conj/Pois/Air  0%         N/A       100%        3
 Ozocubu's Armour         Ice            0%         N/A       100%        3
 Vampiric Draining        Necr           0%         2d6       100%        3
 Passage of Golubria      Tloc           0%         N/A       100%        4
 Agony                    Necr           0%         N/A       100%        5
 Freezing Cloud           Conj/Ice/Air   0%         6-21      100%        5
 Yara's Violent Unravell  Hex/Tmut       0%         3d3       100%        5
 Ozocubu's Refrigeration  Ice            0%         4d5       100%        7
 Tukima's Dance           Hex            Unusable   N/A       N/A         3

Dungeon Overview and Level Annotations

Branches:
Dungeon (7/15) Zot: 562    Temple (0/1) D:7          Bailey (1/1) Zot: 355

Altars:
Dithmenos
Fedhas
Gozag
Okawaru

Shops:
D:1 (   D:4 ((*(=   D:5 !


Innate Abilities, Weirdness & Mutations

You passively map the area around you.
You are easily found by Zot.
You glow in the dark.
You regain HP and MP as you explore.


Message History

The orc knight is moderately wounded.
The orc knight is blinded.
The orc knight no longer looks unusually strong.
You block the orc knight's attack.
The orc knight no longer looks unusually strong.
The orc knight is no longer blind.
The orc knight roars a battlecry!
The orc knights go into a battle-frenzy!
The orc knight is no longer blind.
That's the wrong kind of item! (Use * to select it.) Evoke which item? (* to show all) (? for menu, Esc to quit)
Okay, then.
Aiming: Bolt of Light
Press: ? - help, Shift-Dir - straight line, f/p - orc knight
Aim: an orc knight, wielding a +0 trident and wearing a +0 ring mail (moderately wounded, strong, blind, 67% to hit)
The bolt of light hits the orc knight.
The orc knight is moderately wounded.
The orc knight is blinded.
The bolt of light misses the orc knight.
The bolt of light hits the orc knight!
The orc knight is heavily wounded.
The orc knight is no longer blind.
You block the orc knight's attack. The orc knight misses you.
The orc knight barely misses you. The orc knight barely misses you.
You block the orc knight's attack.
The orc knight hits you but does no damage.
You puncture the orc knight!
The orc knight is heavily wounded.
You puncture the orc knight!
The orc knight is heavily wounded.
The orc knight hits you with a +0 halberd!
The orc knight hits you from afar with a +0 halberd!
* * * LOW HITPOINT WARNING * * *
You closely miss the orc knight.
The orc knight is heavily wounded.
The orc knight roars a battlecry!
The orc knight goes into a battle-frenzy!
The orc knight hits you from afar with a +0 halberd!!
You die...

#.....≈≈###≈≈.).............≈≈###
#.....≈##.##≈)..............≈##.#
#.....≈#.........................
#.....≈##.∩#≈...............≈#∩)#
#.....≈≈#.##≈......## ......≈##)#
.....≈≈.≈≈≈...#########...≈≈≈.≈ *
.............##.oo....##.......
,............##.o#'#'#..##......
............#.@##)#)##..#......
...........##.#########.##.....
...........##.'.#[.?#)'.##..... *
...........##.###.8.###.##.....
...........##.'.#...#)'.##.....
...........##.####'####.##.....
............##..##∩.∩##..#......
................##'''#..##......
................##.....##.......


You could see 3 orc knights.

Vanquished Creatures
  A two-headed ogre (D:7)
  The ghost of tself55 the Cleaver, a novice PaDe (D:6)
  Prince Ribbit (D:6)
  Sigmund (D:5)
  10 orc warriors (Bailey)
  A sky beast (D:6)
  2 black bears (D:6)
  An ogre (D:6)
  A boggart (D:4)
  A kobold brigand (D:6)
  A bullfrog (D:6)
  A necrophage (D:6)
  Blork the orc (D:5)
  2 scorpions
  Dowan (D:4)
  A jelly (D:7)
  4 hounds
  2 gnoll boudas
  2 orc priests (D:5)
  2 iguanas
  Ijyb (D:5)
  4 orc wizards
  21 gnolls
  6 adders
  A white imp (D:6)
  2 ufetubi
  A worm (D:2)
  4 dart slugs
  24 orcs
  6 ball pythons
  9 endoplasms
  2 giant cockroaches
  7 hobgoblins
  2 jackals (D:4)
  2 quokkas
  3 bats
  2 frilled lizards (D:2)
  11 goblins
  4 kobolds
  7 rats
156 creatures vanquished.

Vanquished Creatures (others)
  9 fungi (D:5)
  7 plants (D:4)
16 creatures vanquished.

Grand Total: 172 creatures vanquished

Notes
Turn   | Place    | Note
-------+----------+-------------------------------------------
     0 | D:1      | wingedge the Meteoran Wanderer began the quest for the Orb.
     0 | D:1      | wingedge set off with the following items: a +2
                  | quarterstaff, a potion of lignification, a +0 scale mail, a
                  | scroll of teleportation.
     0 | D:1      | Reached XP level 1. HP: 14/14 MP: 2/2
    17 | D:1      | Reached skill level 1 in Fighting
    17 | D:1      | Reached XP level 2. HP: 20/23 MP: 3/3
    25 | D:1      | Found a faded altar of an unknown god.
    42 | D:1      | Found Tyguh's Weapon Emporium.
    95 | D:1      | Reached XP level 3. HP: 23/28 MP: 4/4
   203 | D:1      | Reached skill level 1 in Shields
   217 | D:1      | Reached skill level 1 in Polearms
   449 | D:2      | Reached XP level 4. HP: 34/36 MP: 5/5
   533 | D:2      | Reached XP level 5. HP: 13/41 MP: 6/6
   736 | D:2      | Found a shadowy altar of Dithmenos.
  1475 | D:4      | Found Diqun's Antique Weapon Shop.
  1638 | D:4      | Reached XP level 6. HP: 38/50 MP: 7/7
  1670 | D:4      | Bought a masterwork rapier for 189 gold pieces
  1670 | D:4      | Identified the +10 rapier "Poaqorra" {speed, rElec rPois
                  | Will+++ Int-5} (You bought it in a shop on level 4 of the
                  | Dungeon)
  1698 | D:4      | Reached skill level 1 in Dodging
  1735 | D:4      | Found Cuorri's Weapon Shop.
  1765 | D:4      | Reached skill level 2 in Short Blades
  1792 | D:4      | Found Jigywiupt's General Store.
  1861 | D:4      | Bought a scroll of enchant armour for 75 gold pieces
  1907 | D:4      | Found Neateg's Antique Weapon Shop.
  1922 | D:4      | Noticed Duvessa
  1925 | D:4      | Noticed Duvessa
  1925 | D:4      | Duvessa changed into Duvessa the boggart
  1926 | D:4      | Noticed Dowan
  1933 | D:4      | Killed Duvessa the boggart
  1934 | D:4      | Reached skill level 3 in Short Blades
  1934 | D:4      | Reached XP level 7. HP: 53/57 MP: 8/8
  1939 | D:4      | Killed Dowan
  2062 | D:4      | Found Qeupt's Jewellery Boutique.
  2083 | D:4      | Reached skill level 1 in Throwing
  2090 | D:4      | Reached skill level 4 in Short Blades
  2283 | D:4      | Glimpsed the power of Zot.
  2296 | D:5      | Entered Level 5 of the Dungeon
  2504 | D:5      | Reached XP level 8. HP: 61/66 MP: 9/9
  2554 | D:5      | Found a blossoming altar of Fedhas.
  2566 | D:5      | Noticed Blork the orc
  2574 | D:5      | Killed Blork the orc
  2575 | D:5      | Reached skill level 5 in Short Blades
  2708 | D:5      | Found Cuqecw's Distillery.
  2720 | D:5      | Noticed Sigmund
  2741 | D:5      | Killed Sigmund
  2742 | D:5      | Reached skill level 6 in Short Blades
  2786 | D:5      | Bought a potion of heal wounds for 55 gold pieces
  2865 | D:5      | Glimpsed the power of Zot.
  2874 | D:5      | Noticed Ijyb
  2877 | D:5      | Reached skill level 5 in Fighting
  2887 | D:5      | Killed Ijyb
  2911 | D:5      | Glimpsed the power of Zot.
  2983 | D:6      | Found an opulent altar of Gozag.
  2989 | D:6      | Found an opulent altar of Gozag.
  2994 | D:6      | Found an opulent altar of Gozag.
  3055 | D:6      | Found an iron altar of Okawaru.
  3057 | D:6      | Noticed Prince Ribbit
  3086 | D:6      | Killed Prince Ribbit
  3087 | D:6      | Reached skill level 7 in Short Blades
  3087 | D:6      | Gained mutation: You passively map the area around you.
                  | [Meteoran growth]
  3087 | D:6      | Reached XP level 9. HP: 75/75 MP: 10/10
  3088 | D:6      | Became a worshipper of Warmaster Okawaru
  3183 | D:6      | Found a runed translucent gate.
  3183 | D:6      | Found a runed translucent gate.
  3183 | D:6      | Found a runed translucent gate.
  3183 | D:6      | Noticed tself55's ghost (novice PaDe)
  3208 | D:6      | Killed tself55's ghost
  3208 | D:6      | Reached * piety under Okawaru
  3209 | D:6      | Reached skill level 8 in Short Blades
  3258 | D:6      | Identified the +7 hand axe of the Verdant God {vorpal,
                  | rElec rCorr Str+3}
  3342 | D:6      | Reached skill level 9 in Short Blades
  3423 | D:6      | Reached XP level 10. HP: 85/86 MP: 11/11
  3470 | D:6      | Reached ** piety under Okawaru
  3476 | D:6      | Glimpsed the power of Zot.
  3526 | D:6      | Glimpsed the power of Zot.
  3576 | D:7      | Noticed a two-headed ogre
  3582 | D:7      | Killed a two-headed ogre
  3583 | D:7      | Reached skill level 10 in Short Blades
  3593 | D:7      | Found a flagged portal.
  3618 | Bailey   | Entered a bailey
  3682 | Bailey   | Reached *** piety under Okawaru
  3845 | Bailey   | Reached skill level 5 in Shields
  3860 | Bailey   | Noticed an orc knight
  3860 | Bailey   | Noticed an orc knight
  3860 | Bailey   | Noticed an orc knight
  3894 | Bailey   | Slain by an orc knight

Illustrated notes

Levels and vault maps discovered:
D:1:      psy_arrival_basics, layout_rooms, shapermc_ecumenical_altar_pompeii,
          serial_shops, nicolae_shop_bloodbath_and_beyond
D:2:      layout_loops_cross, basic_altar, kennysheep_potato
D:3:      layout_loops_ring
D:4:      dreamdust_elfheim, layout_cave_pools, serial_shops,
          nicolae_shop_behind_doors, shop, nicolae_take_the_stairs,
          nicolae_stop_n_shop_1, kennysheep_mini_moat, serial_bayou_ford_a,
          nrook_loot_triangle, lemuel_flame_loot_1, uniq_duvessa
D:5:      layout_gridville, mainiacjoe_overflow_small_starburst, serial_shops,
          nicolae_shop_hallway_stairs, minmay_misc_feat_iff,
          dreamdust_gnoll_farm, uniq_ijyb, uniq_blork_the_orc, uniq_sigmund
D:6:      minmay_razor_zed, layout_layer_cave,
          mainiacjoe_overflow_concentric_impassable,
          mainiacjoe_overflow_boulevard, nicolae_gozag_conspicuous_consumption,
          ebering_ghost_rock_garden, serial_bayou_crossing, uniq_pikel,
          uniq_menkaure, uniq_prince_ribbit1, uniq_edmund
D:7:      layout_basic, vehumet_crystals, minmay_temple_entry_sparse_star,
          enter_bailey_5, minmay_door_square
Bailey:   bailey_polearm_2, bailey

Skill      XL: |  1  2  3  4  5  6  7  8  9 10 |
---------------+-------------------------------+-----
Fighting       | 1 2 3 4 5 7 |  7.9
Shields        | 1 2 3 5 |  5.0
Polearms       | 1 2 3 |  3.2
Dodging        | 1 |  1.0
Short Blades   | 3 4 7 9 10 | 10.6
Throwing       | 2 3 4 |  4.0
Invocations    | 3 |  3.9
Evocations     | 3 |  3.6
Staves         | |  3.9
Armour         | |  6.0

Action                   |  1- 3 |  4- 6 |  7- 9 | 10-12 || total
-------------------------+-------+-------+-------+-------++-------
Melee: Quarterstaff      |    53 |    46 |       |       ||    99
       Spear             |       |   107 |       |       ||   107
       Rapier            |       |    37 |   184 |   105 ||   326
Throw: Throwing net      |       |     3 |       |     2 ||     5
       Javelin           |       |       |    10 |     8 ||    18
Invok: Heroism           |       |       |       |     1 ||     1
Evoke: Wand              |       |     2 |       |     5 ||     7
  Use: Potion            |       |     6 |       |     2 ||     8
       Scroll            |       |     7 |     4 |     1 ||    12
Armor: Scale mail        |    42 |   136 |       |       ||   178
       Skin              |       |     2 |       |       ||     2
       Chain mail        |       |       |   112 |    31 ||   143
Dodge: Dodged            |    29 |    67 |    41 |    28 ||   165
Block: Kite shield       |       |    67 |    29 |    43 ||   139

Table legend: (Time is in decaauts)
 A = Elapsed time spent in this place.
 B = Non-inter-level travel time spent in this place.
 C = Inter-level travel time spent in this place.
 D = Time resting spent in this place.
 E = Time spent auto-exploring this place.
 F = Levels seen in this place.
 G = Mean time per level.
                   A        B        C        D        E       F      G
               +--------+--------+--------+--------+--------+-----+--------+
         Total |   3881 |   3423 |    458 |    128 |      0 |   8 |  485.1 |
       Dungeon |   3637 |   3179 |    458 |    128 |      0 |   7 |  519.6 |
        Bailey |    244 |    244 |      0 |      0 |      0 |   1 |  244.0 |
               +--------+--------+--------+--------+--------+-----+--------+

Top non-repeatable levels by time:
     D:4: 706 daAuts
     D:5: 665 daAuts
     D:2: 613 daAuts
     D:3: 580 daAuts
     D:6: 577 daAuts
     D:1: 411 daAuts
  Bailey: 244 daAuts
     D:7: 82 daAuts
